 Dungeon Crawl Stone Soup version 0.25-a0-404-gc1b5a34292 (webtiles) character file.

Game seed: 755918468018122786, levelgen mode: deterministic

79 MordorOrchid the Cudgeler (level 4, 0/66 HPs)
             Began as a Troll Berserker on Jan 10, 2020.
             Was a Believer of Trog.
             Slain by a gnoll (6 damage)
             ... on level 3 of the Dungeon.
             The game lasted 00:02:44 (1567 turns).

MordorOrchid the Cudgeler (Troll Berserker)         Turns: 1567, Time: 00:02:45

Health: 0/66       AC:  6    Str: 30    XL:     4   Next: 16%
Magic:  3/3        EV: 10    Int:  3    God:    Trog [**....]
Gold:   125        SH:  0    Dex: 10    Spells: 3/3 levels left

rFire    . . .     SeeInvis .   a - +0 mace
rCold    . . .     Gourm    +   (no shield)
rNeg     . . .     Faith    .   b - +0 animal skin
rPois    .         Spirit   .   (helmet restricted)
rElec    .         Reflect  .   (no cloak)
rCorr    .         Harm     .   (gloves unavailable)
MR       .....                  (boots unavailable)
Stlth    ..........             (no amulet)
HPRegen  0.61/turn              (no ring)
MPRegen  0.08/turn              (no ring)

@: berserking, very quick
A: large, unfitting armour, claws 3, fast metabolism 3, gourmand, regeneration
1, shaggy fur 1, tough skin 3
a: Berserk, Trog's Hand, Renounce Religion


You were on level 3 of the Dungeon.
You worshipped Trog.
Trog was pleased with you.
You were very full.

You visited 1 branch of the dungeon, and saw 3 of its levels.

You collected 125 gold pieces.

Inventory:

Hand Weapons
 a - a +0 mace (weapon)
Missiles
 h - 8 boomerangs (quivered)
Armour
 b - a +0 animal skin (worn)
Scrolls
 i - 2 scrolls of magic mapping {unknown}
 l - a scroll of teleportation
 m - a scroll of enchant armour {unknown}
 n - a scroll of blinking
Potions
 e - a potion of agility {unknown}
 f - a potion of flight {unknown}
 g - a potion of brilliance {unknown}
 k - a potion of berserk rage {unknown}
Comestibles
 c - 5 rations


   Skills:
 * Level 2.9 Fighting
 * Level 3.6 Maces & Flails
 * Level 0.7 Throwing
 * Level 0.5 Armour
 * Level 2.8 Dodging


You had 3 spell levels left.
You didn't know any spells.
Your spell library was empty.

Dungeon Overview and Level Annotations

Branches:
Dungeon (3/15)

Altars:
Uskayaw


Innate Abilities, Weirdness & Mutations

You are too large for most types of armour.
You have claws for hands.
Your metabolism is lightning-fast.
You like to eat raw meat.
Your natural rate of healing is unusually fast.
You are covered in fur. (AC +1)
You have extremely tough skin. (AC +3)


Message History

* * * LOW HITPOINT WARNING * * *
You sock the gnoll!
You kill the gnoll!
Trog accepts your kill.
You hit the gnoll.
The gnoll is moderately wounded.
The gnoll hits you.
* * * LOW HITPOINT WARNING * * *
The gnoll closely misses you.
You barely miss the gnoll.
The gnoll is lightly wounded.
The gnoll hits you.
* * * LOW HITPOINT WARNING * * *
A red film seems to cover your vision as you go berserk!
You feel yourself moving faster!
You feel mighty!
You feel a lot less full. The gnoll hits you but does no damage.
You hit the gnoll.
The gnoll is moderately wounded.
The gnoll hits you.
You die...

# ... ##### ... .#....
.. ..#.#.. .. ...#.#.#
.##.. #.#.# ... #.#.#
##########.###...#.#..
#....@g........>.#....
#.
#.########.###.#.###.#
#.##.# #.# #.#.#..<.
#.##.# #.# #.#.#.#.#
#.##.# #.# #.#.#.#.#
#.##.# #.# #.#.#.#.#
#.##.# #.# #.#.#...#
#######.##.# #.#
#.#.#..## ...........#
#.# #.....[..


You could see a gnoll.

Vanquished Creatures
  A gnoll (D:3)
  2 adders (D:2)
  An ooze (D:2)
  A worm (D:2)
  2 dart slugs (D:1)
  A ball python (D:2)
  7 bats
  3 goblins (D:2)
  6 hobgoblins
  2 jackals (D:1)
  A quokka (D:2)
  4 frilled lizards
  A kobold (D:2)
  11 rats
43 creatures vanquished.

Notes
Turn   | Place    | Note
-------+----------+-------------------------------------------
     0 | D:1      | MordorOrchid the Troll Berserker began the quest for the
                  | Orb.
     0 | D:1      | Reached XP level 1. HP: 22/22 MP: 0/0
    66 | D:1      | Reached XP level 2. HP: 29/29 MP: 1/1
   289 | D:1      | Reached skill level 3 in Maces & Flails
   819 | D:2      | Reached XP level 3. HP: 31/36 MP: 2/2
   835 | D:2      | Reached ** piety under Trog
  1346 | D:2      | Reached XP level 4. HP: 44/44 MP: 3/3
  1372 | D:2      | Found a hide-covered altar of Uskayaw.
  1567 | D:3      | Slain by a gnoll

Levels and vault maps discovered:
D:1:      dpeg_arrival_central, layout_basic
D:2:      minmay_chambers_of_ones, layout_basic, lemuel_coloured_pillars_altar
D:3:      layout_basic, serial_undead, serial_undead_c, serial_undead_f,
          serial_undead_c, serial_undead_e, kennysheep_generic_room_3,
          uniq_sigmund, uniq_grinder, uniq_terence

Skill      XL: |  1  2 |
---------------+-------+-----
Maces & Flails | 3 |  3.6
Fighting       | |  2.9
Throwing       | |  0.7
Armour         | |  0.5
Dodging        | |  2.8

Action                   |  1- 3 |  4- 6 || total
-------------------------+-------+-------++-------
Melee: Mace              |   118 |    13 ||   131
Invok: Berserk           |       |     1 ||     1
  Use: Scroll            |       |     3 ||     3
 Stab: Sleeping          |     3 |       ||     3
  Eat: Chunk             |    18 |     1 ||    19
Armor: Animal skin       |    68 |     2 ||    70
Dodge: Dodged            |    67 |     5 ||    72

Table legend:
 A = Non-vault XP
 B = Vault XP
 C = Vault XP percentage of total XP
 D = Non-vault monster count
 E = Vault monster count
 F = Vault count percentage of total count
                 A         B        C        D         E       F
            +---------+---------+-------+---------+---------+-------
      Total |      82 |      31 |  27.4 |      38 |       5 |  11.6
            +---------+---------+-------+---------+---------+-------
        D:1 |      32 |       0 |   0.0 |      20 |       0 |   0.0
        D:2 |      36 |      31 |  46.3 |      17 |       5 |  22.7
        D:3 |      14 |       0 |   0.0 |       1 |       0 |   0.0
            +---------+---------+-------+---------+---------+-------
